 Dungeon Crawl Stone Soup version 0.19-a0-867-g949743d (webtiles) character file.

389 grendalor the Magician (level 6, -3/36 HPs)
             Began as an Octopode Wizard on July 3, 2016.
             Killed from afar by an orc wizard (8 damage)
             ... with a puff of frost
             ... on level 4 of the Dungeon.
             The game lasted 00:19:22 (5957 turns).

grendalor the Magician (Octopode Wizard)            Turns: 5957, Time: 00:19:22

Health: -3/36      AC:  6    Str:  7    XL:     6   Next: 79%
Magic:  2/13       EV: 12    Int: 22    God:
Gold:   111        SH:  0    Dex: 10    Spells: 6 memorised, 2 levels left

rFire  . . .     SeeInvis .     v - +2 dagger (protect)
rCold  . . .     Gourm    .     (no shield)
rNeg   . . .     Faith    .     a - +0 hat
rPois  .         Spirit   .     d - amulet of inaccuracy
rElec  .         Dismiss  .     (no ring)
rCorr  .         Reflect  .     (no ring)
SustAt .         Harm     .     (no ring)
MR     .....                    (no ring)
Stlth  +++.......               (no ring)
                                (no ring)
                                (no ring)
                                (no ring)

@: very slightly contaminated, starving, repel missiles, not resistant to
hostile enchantments, fairly stealthy
A: almost no armour, amphibious, 8 rings, constrict 8, camouflage 1, gelatinous
body 1
a: no special abilities


You were on level 4 of the Dungeon.
You were starving.

You visited 1 branch of the dungeon, and saw 4 of its levels.
You also visited: Sewer.

You collected 111 gold pieces.

Inventory:

Hand Weapons
 l - a +1 short sword
 v - a +2 dagger of protection (weapon)
Armour
 a - a +0 hat (worn)
Magical Staves
 n - an uncursed staff of conjuration
Rods
 j - a +3 iron rod (1/12)
   (You found it in a sewer)
Jewellery
 d - an amulet of inaccuracy (around mantle)
 q - an uncursed amulet of magic regeneration {unknown}
Wands
 u - a wand of slowing (35/48)
Scrolls
 f - 2 scrolls of recharging
 i - 3 scrolls of identify
 o - 5 scrolls of teleportation
 r - 2 scrolls of random uselessness
 t - a scroll of enchant weapon
Potions
 e - 4 potions of curing
 g - a potion of magic
 h - a potion of haste
 m - a potion of cure mutation {unknown}
 p - 8 potions of flight
 s - a potion of heal wounds {unknown}
 w - a potion of brilliance {unknown}
Books
 b - a book of Minor Magic

   Spells                             Type                      Level
   a - Magic Dart                     Conjuration                  1
   b - Blink                          Translocation                2
   c - Call Imp                       Summoning                    2
   d - Repel Missiles                 Charms/Air                   2
   e - Slow                           Hexes                        2
   f - Conjure Flame                  Conjuration/Fire             3
   g - Mephitic Cloud                 Conjuration/Poison/Air       3
Comestibles
 c - 3 bread rations
 k - a fruit


   Skills:
 + Level 2.2 Dodging
 + Level 3.2 Stealth
 + Level 5.2 Spellcasting
 * Level 4.3 Conjurations
 - Level 1.0 Summonings
 - Level 1.0 Translocations
 + Level 0.7 Evocations


You had 2 spell levels left.
You knew the following spells:

 Your Spells              Type           Power        Failure   Level  Hunger
a - Magic Dart            Conj           ###.         1%          1    None
b - Blink                 Tloc           N/A          12%         2    None
c - Call Imp              Summ           ##......     12%         2    None
d - Repel Missiles        Chrm/Air       #.....       17%         2    None
e - Conjure Flame         Conj/Fire      ###.....     14%         3    ##.....
f - Mephitic Cloud        Conj/Pois/Air  ##......     17%         3    ##.....


Dungeon Overview and Level Annotations

Branches:
Dungeon (4/15)             Temple (0/1) D:4

Altars:
Nemelex Xobeh
Ru


Innate Abilities, Weirdness & Mutations

You cannot wear most types of armour.
You are amphibious.
You can wear up to eight rings at the same time.
You can use your tentacles to constrict eight enemies at once.
Your skin changes colour to match your surroundings (Stealth+).
Your rubbery body absorbs attacks. (AC +1)


Message History

Casting: Blink
Confirm with . or Enter, or press ? or * to list all spells.
You blink.
Casting: Blink
Confirm with . or Enter, or press ? or * to list all spells.
You don't have enough magic to cast that spell.
Casting: Blink
Confirm with . or Enter, or press ? or * to list all spells.
You don't have enough magic to cast that spell.
Unknown command.
Found a stone staircase leading down.
A puff of flame appears from out of thin air!
The puff of flame hits you!
* * * LOW HITPOINT WARNING * * *
You hear some strange, mumbled words.
You are starving!
You see here a leather armour.
A puff of frost appears from out of thin air!
The puff of frost hits you!
You die...

##..≈#≈#≈#≈#≈≈≈≈##.#
#..≈≈≈≈#≈≈≈≈≈##≈##.### *********
#...≈#≈#≈########....# *,,,,,,,*
#...≈≈≈#≈≈≈≈≈≈≈≈##.#.#**,*****,*
#....#≈#######≈##....#*,,,,,,,,*
#...≈≈≈#≈≈≈≈≈≈≈##....#********,*
#....≈≈##########...##*,* ****,*
#.#.#### #...#......#⌠,_***,,,,*
#...# #.#...@....+,,,8**,**,*
###.# #..[#####.##⌠,_**,,,,,* #.#
##.## *#+#***,***,****
#.#######.## **,,,*******,****
##..........#**,,,,,**,,,,,,,,,
**#.......###.#*,,,,,,,*,***,,**,
.##.####..# *.#,,,,,,,,,,***>,,*,
....).....#**.+,,,,,,,,,,,,,,,,,,
###.###.#.....#,,,,,,,,,,***,,,*,


There were no monsters in sight!

Vanquished Creatures
  Purgy (Sewer)
  An orc priest (D:3)
  An orc wizard (D:4)
  Ijyb (D:2)
  Terence (D:2)
  Robin (D:3)
  6 adders
  An ooze (D:3)
  4 worms
  A dart slug (D:3)
  A giant gecko (D:3)
  9 orcs
  6 giant cockroaches
  12 goblins
  22 hobgoblins
  3 ball pythons
  7 bats
  9 giant newts
  8 kobolds
  7 rats
102 creatures vanquished.

Vanquished Creatures (others)
  A kobold (D:1)
1 creature vanquished.

Grand Total: 103 creatures vanquished

Notes
Turn   | Place    | Note
-------+----------+-------------------------------------------
     0 | D:1      | grendalor the Octopode Wizard began the quest for the Orb.
     0 | D:1      | Reached XP level 1. HP: 11/11 MP: 4/4
    27 | D:1      | Found a sacrificial altar of Ru.
   477 | D:1      | Reached XP level 2. HP: 17/17 MP: 3/6
   482 | D:1      | Learned a level 2 spell: Blink
   485 | D:1      | Learned a level 2 spell: Call Imp
   488 | D:1      | Learned a level 2 spell: Repel Missiles
  1173 | D:1      | Reached XP level 3. HP: 21/21 MP: 4/7
  1470 | D:2      | Noticed Ijyb
  1506 | D:2      | Killed Ijyb
  1506 | D:2      | Reached XP level 4. HP: 13/27 MP: 4/9
  1833 | D:2      | Reached skill level 4 in Spellcasting
  1909 | D:2      | Learned a level 3 spell: Conjure Flame
  2404 | D:2      | Noticed Terence
  2610 | D:2      | Reached XP level 5. HP: 21/31 MP: 6/11
  3155 | D:3      | Noticed Robin
  4267 | D:3      | Learned a level 3 spell: Mephitic Cloud
  4867 | D:2      | Killed Terence
  4936 | D:3      | Killed Robin
  5084 | D:3      | Reached skill level 5 in Spellcasting
  5084 | D:3      | Reached XP level 6. HP: 18/36 MP: 4/13
  5313 | D:4      | Found a staircase to the Ecumenical Temple.
  5318 | D:4      | Found a sparkling altar of Nemelex Xobeh.
  5367 | D:4      | Found a glowing drain.
  5374 | Sewer    | Entered a sewer
  5518 | Sewer    | Noticed Purgy
  5537 | Sewer    | Killed Purgy
  5957 | D:4      | Killed from afar by an orc wizard

Vault maps used:
D:1:      dpeg_arrival_water_altar
D:2:      uniq_iyjb, uniq_terence
D:3:      minivault_25, uniq_robin
D:4:      nemelex_xobeh_ov_fountains_minmay, gammafunk_temple_overflow_statue,
          lightli_sewer_entry_pipes, minmay_misc_feat_roman
Sewer:    sewer_co_purgy_island

Skill      XL: |  1  2  3  4  5  6 |
---------------+-------------------+-----
Conjurations   | 2 3 4 |  4.3
Spellcasting   | 4 5 |  5.2
Stealth        | 3 |  3.2
Dodging        | |  2.2
Summonings     | |  1.0
Translocations | |  1.0
Evocations     | |  0.7

Action                   |  1- 3 |  4- 6 || total
-------------------------+-------+-------++-------
Melee: Unarmed           |    12 |       ||    12
       Constrict         |     8 |    13 ||    21
       Short sword       |    26 |    38 ||    64
       Tentacles         |     6 |     6 ||    12
       Staff             |       |    22 ||    22
 Cast: Magic Dart        |    67 |   174 ||   241
       Repel Missiles    |     1 |       ||     1
       Blink             |       |     9 ||     9
       Mephitic Cloud    |       |     2 ||     2
       Conjure Flame     |       |     1 ||     1
Evoke: Rod               |       |     2 ||     2
  Use: Scroll            |       |    10 ||    10
       Potion            |       |     3 ||     3
 Stab: Confused          |       |     2 ||     2
  Eat: Chunk             |     2 |    13 ||    15
Armor: Skin              |     2 |     5 ||     7
Dodge: Dodged            |    25 |    56 ||    81
